[ PARTIDA AOE2 · #495580819 ]
UnrankedVietnamitas vs Cumans
Equipo del jugador · DERR
Equipo rival · VICT
[ ANÁLISIS DE REPETICIÓN · EXTRAÍDO DE LA PARTIDA GRABADA ]
Feudal
22:30
Castillos
—
Imperial
—
| APM promedio | 43.2 |
| APM pico | 84 |
| eAPM promedio | 19.4 |
| Aldeanos / militares | 32 / 0 |
Foco
⚔️ 39.6% · 🌾 60.4%
Feudal
9:33
Castillos
—
Imperial
—
| APM promedio | 30.9 |
| APM pico | 70 |
| eAPM promedio | 19.2 |
| Aldeanos / militares | 27 / 4 |
Foco
⚔️ 37.8% · 🌾 62.2%
Archer ×4
Mapa de la partida
Recursos iniciales + cada clic de construcción. Líneas = muros · curvas = relieve. ◆ oro · ⬟ piedra · ● bayas · ✦ reliquia · ◌ hueco del cierre
Tu base· Abierta — hueco de 9t
Base de wilsonj99· Abierta — hueco de 6t
Terreno inicial suavizado · ◌ = hueco del cierre detectado · pasá el cursor para detalles
Inputs por minuto
— Pelantaro - - wilsonj99
Build order — Pelantaro
63 acciones detectadas en el replay
| 0:05 | Construir | Town Center |
| 1:04 | Crear | Villager (Male) |
| 1:05 | Crear | Villager (Male) |
| 1:05 | Crear | Villager (Male) |
| 1:05 | Crear | Villager (Male) |
| 1:59 | Construir | Lumber Camp |
| 2:27 | Crear | Villager (Male) |
| 2:27 | Crear | Villager (Male) |
| 2:38 | Crear | Villager (Male) |
| 3:09 | Crear | Villager (Male) |
| 3:42 | Crear | Villager (Male) |
| 3:42 | Crear | Villager (Male) |
| 3:52 | Crear | Villager (Male) |
| 4:21 | Crear | Villager (Male) |
| 4:36 | Construir | House |
| 4:42 | Construir | Mill |
| 4:45 | Crear | Villager (Male) |
| 5:24 | Crear | Villager (Male) |
| 5:25 | Crear | Villager (Male) |
| 5:43 | Crear | Villager (Male) |
| 6:32 | Crear | Villager (Male) |
| 6:51 | Investigar | Loom |
| 8:08 | Crear | Villager (Male) |
| 8:27 | Construir | Town Center |
| 9:03 | Crear | Villager (Male) |
| 9:03 | Crear | Villager (Male) |
| 9:29 | Crear | Villager (Male) |
| 10:52 | Crear | Villager (Male) |
| 10:52 | Crear | Villager (Male) |
| 10:52 | Crear | Villager (Male) |
| 11:20 | Construir | House |
| 14:04 | Crear | Villager (Male) |
| 14:04 | Crear | Villager (Male) |
| 15:03 | Construir | Town Center |
| 15:27 | Construir | Palisade Wall |
| 15:58 | Construir | Mill |
| 16:11 | Crear | Villager (Male) |
| 16:11 | Crear | Villager (Male) |
| 16:21 | Construir | Mill |
| 16:29 | Construir | House |
| 17:32 | Construir | Palisade Wall |
| 17:33 | Construir | Palisade Wall |
| 17:38 | Crear | Villager (Male) |
| 17:38 | Crear | Villager (Male) |
| 18:25 | Crear | Villager (Male) |
| 18:30 | Construir | Farm |
| 18:33 | Construir | Mining Camp |
| 18:47 | Construir | Palisade Wall |
| 18:48 | Construir | Palisade Wall |
| 18:56 | Construir | Palisade Wall |
| 19:23 | Construir | Palisade Wall |
| 19:30 | Construir | House |
| 19:35 | Construir | Farm |
| 19:38 | Construir | Farm |
| 19:38 | Construir | Farm |
| 19:38 | Construir | Farm |
| 19:38 | Construir | Farm |
| 19:40 | Construir | Farm |
| 19:43 | Crear | Villager (Male) |
| 20:20 | Investigar | Feudal Age |
| 20:20 | Investigar | Feudal Age |
| 21:54 | Construir | Barracks |
| 22:30 | Edad | Edad Feudal |
Build order — wilsonj99
65 acciones detectadas en el replay
| 0:07 | Construir | Town Center |
| 1:07 | Crear | Villager (Male) |
| 1:08 | Crear | Villager (Male) |
| 1:08 | Crear | Villager (Male) |
| 1:09 | Crear | Villager (Male) |
| 2:09 | Crear | Villager (Male) |
| 2:48 | Crear | Villager (Male) |
| 3:13 | Construir | Lumber Camp |
| 3:15 | Crear | Villager (Male) |
| 3:34 | Crear | Villager (Male) |
| 4:00 | Crear | Villager (Male) |
| 4:52 | Crear | Villager (Male) |
| 4:52 | Crear | Villager (Male) |
| 5:01 | Construir | Mill |
| 5:35 | Crear | Villager (Male) |
| 5:54 | Crear | Villager (Male) |
| 6:08 | Crear | Villager (Male) |
| 6:09 | Investigar | Loom |
| 6:15 | Construir | House |
| 6:58 | Construir | House |
| 7:00 | Construir | Palisade Wall |
| 7:08 | Investigar | Feudal Age |
| 7:31 | Construir | Palisade Wall |
| 7:35 | Construir | House |
| 7:45 | Construir | Palisade Wall |
| 7:48 | Construir | House |
| 7:58 | Construir | Barracks |
| 8:38 | Crear | Villager (Male) |
| 9:15 | Crear | Villager (Male) |
| 9:33 | Edad | Edad Feudal |
| 9:34 | Crear | Villager (Male) |
| 9:44 | Investigar | Double-Bit Axe |
| 10:15 | Crear | Villager (Male) |
| 11:44 | Crear | Villager (Male) |
| 12:29 | Crear | Villager (Male) |
| 12:57 | Crear | Villager (Male) |
| 13:20 | Crear | Villager (Male) |
| 13:51 | Construir | Palisade Wall |
| 14:04 | Construir | Palisade Wall |
| 14:15 | Construir | Mining Camp |
| 14:47 | Construir | Watch Tower |
| 14:52 | Construir | Palisade Wall |
| 14:54 | Construir | Palisade Wall |
| 15:59 | Construir | Archery Range |
| 16:22 | Construir | Archery Range |
| 16:29 | Construir | Mining Camp |
| 16:40 | Construir | Palisade Wall |
| 16:48 | Construir | Palisade Wall |
| 16:50 | Construir | Palisade Wall |
| 16:52 | Construir | Palisade Wall |
| 17:04 | Crear | Archer |
| 17:04 | Crear | Archer |
| 17:43 | Crear | Archer |
| 18:26 | Crear | Archer |
| 18:43 | Construir | House |
| 18:49 | Construir | House |
| 18:51 | Construir | House |
| 19:04 | Construir | Palisade Wall |
| 20:02 | Construir | Town Center |
| 20:13 | Construir | Town Center |
| 21:40 | Crear | Villager (Male) |
| 21:42 | Crear | Villager (Male) |
| 21:48 | Crear | Villager (Male) |
| 22:13 | Crear | Villager (Male) |
| 22:18 | Crear | Villager (Male) |
Cronología de la partida
| 7:00 | wilsonj99 · wall_segment Palisade Wall x6 |
| 7:31 | wilsonj99 · wall_segment Palisade Wall x11 |
| 7:45 | wilsonj99 · wall_segment Palisade Wall x1 |
| 7:58 | wilsonj99 · first_building Barracks |
| 9:33 | wilsonj99 · age_up feudal |
| 13:51 | wilsonj99 · wall_segment Palisade Wall x8 |
| 14:04 | wilsonj99 · wall_segment Palisade Wall x6 |
| 14:52 | wilsonj99 · wall_segment Palisade Wall x1 |
| 14:54 | wilsonj99 · wall_segment Palisade Wall x1 |
| 15:27 | Pelantaro · wall_segment Palisade Wall x1 |
| 15:59 | wilsonj99 · first_building Archery Range |
| 16:40 | wilsonj99 · wall_segment Palisade Wall x1 |
| 16:48 | wilsonj99 · wall_segment Palisade Wall x1 |
| 16:50 | wilsonj99 · wall_segment Palisade Wall x3 |
| 16:52 | wilsonj99 · wall_segment Palisade Wall x5 |
| 17:32 | Pelantaro · wall_segment Palisade Wall x5 |
| 17:33 | Pelantaro · wall_segment Palisade Wall x8 |
| 18:47 | Pelantaro · wall_segment Palisade Wall x3 |
| 18:48 | Pelantaro · wall_segment Palisade Wall x4 |
| 18:56 | Pelantaro · wall_segment Palisade Wall x1 |
| 19:04 | wilsonj99 · wall_segment Palisade Wall x2 |
| 19:23 | Pelantaro · wall_segment Palisade Wall x1 |
| 21:54 | Pelantaro · first_building Barracks |
| 22:30 | Pelantaro · age_up feudal |
| 22:51 | Pelantaro · resign |
[ ANÁLISIS IA · 1 CRÉDITO ]
¿Qué pasó realmente en esta partida?
Wolo.gg analiza cada decisión: build order, eco, micro, errores típicos por bracket. Análisis personalizado por WhatsApp o Discord en 30 segundos.
Guía civ
Vietnamitas
Perfil
Pelantaro